 Dungeon Crawl Stone Soup version 0.21-a0-578-gc6e9d75 (webtiles) character file.

24285 4thArraOfDagon the Fencer (level 12, -6/96 HPs)
             Began as a Minotaur Abyssal Knight on Dec 18, 2017.
             Was an Elder of Lugonu.
             Mangled by a red ugly thing (12 damage)
             ... on level 15 of the Dungeon.
             The game lasted 00:40:09 (8395 turns).

4thArraOfDagon the Fencer (Minotaur Abyssal Knight) Turns: 8395, Time: 00:40:10

Health: -6/96      AC: 12    Str: 22    XL:     12   Next: 79%
Magic:  17/17      EV: 11    Int: 13    God:    Lugonu [****..]
Gold:   285        SH:  0    Dex: 15    Spells: 11/19 levels left

rFire    + . .     SeeInvis .   Z - +5 demon blade (flame)
rCold    + + +     Gourm    .   (no shield)
rNeg     . . .     Faith    .   P - +2 troll leather armour
rPois    +         Spirit   .   (helmet restricted)
rElec    +         Reflect  .   g - +1 cloak {rC+}
rCorr    +         Harm     +   n - +2 pair of gloves "Ysuxzoh" {Str+3}
MR       +....                  B - +0 pair of boots
Stlth    +.........             A - amulet of Lilacs {Harm *Drain rC+ Dex+3}
HPRegen  0.66/turn              r - ring of protection from magic
MPRegen  0.15/turn              w - +3 ring of dexterity

@: resistant
A: retaliatory headbutt, horns 2
a: Depart the Abyss, Bend Space, Banish, Corrupt, Renounce Religion


You were on level 15 of the Dungeon.
You worshipped Lugonu.
Lugonu was greatly pleased with you.
You were not hungry.

You visited 1 branch of the dungeon, and saw 15 of its levels.
You visited the Abyss 1 time.
You also visited: Ossuary and Ice Cave.

You collected 925 gold pieces.
You spent 640 gold pieces at shops.

Inventory:

Hand Weapons
 k - a +0 blowgun
 l - a +5 great sword
 t - a +1 scimitar of flaming
 E - the +4 dagger "Morg" {pain, MR+ Int+5}
   (You found it on level 8 of the Dungeon)

   In the hands of one skilled in necromantic magic, it inflicts extra damage on
   living creatures.
   It affects your intelligence (+5).
   It affects your resistance to hostile enchantments.
 L - the +6 quick blade of Infection {antimagic, rPois rN+}
   (You found it on level 10 of the Dungeon)

   It reduces the magical energy of the wielder, and disrupts the spells and
   magical abilities of those hit.
   Natural abilities and divine invocations are not affected.
   It protects you from poison.
   It protects you from negative energy.
 S - a +5 executioner's axe of freezing
 X - a +1 triple sword of protection
 Y - the +4 halberd "Ojirphy" {chop, rN+ Int+3, unknown}
   (You took it off a wight on level 15 of the Dungeon)

   It inflicts extra damage upon your enemies.
   It affects your intelligence (+3).
   It protects you from negative energy.
 Z - a +5 demon blade of flaming (weapon)
Missiles
 Q - 3 throwing nets (quivered)
 U - 4 curare-tipped needles
Armour
 e - a +0 chain mail
 g - a +1 cloak of cold resistance (worn)
 n - the +2 pair of gloves "Ysuxzoh" (worn) {Str+3}
   (You found it in an ice cave)

   It affects your strength (+3).
 s - a +1 pair of gloves
 B - a +0 pair of boots (worn)
 I - a +2 crystal plate armour of cold resistance
 O - the +2 pair of gloves of Pathos {Int+4}
   (You found it on level 11 of the Dungeon)

   It affects your intelligence (+4).
 P - a +2 troll leather armour (worn)
Magical Staves
 H - an uncursed staff of wizardry {!a}
 R - an uncursed staff of cold {unknown}
 W - an uncursed staff of death
Jewellery
 r - a ring of protection from magic (left hand)
 w - a +3 ring of dexterity (right hand)
 z - an uncursed ring of poison resistance
 A - the amulet of Lilacs (around neck) {Harm *Drain rC+ Dex+3}
   (You found it on level 7 of the Dungeon)

   [amulet of harm]

   It increases damage dealt and taken.
   It affects your dexterity (+3).
   It protects you from cold.
   It causes draining when unequipped.
 K - the ring of Fudyxonn {Ice +Fly Str+3 Dex-2}
   (You found it on level 9 of the Dungeon)

   [ring of ice]

   It enhances your ice magic.
   It affects your strength (+3).
   It affects your dexterity (-2).
   It makes you vulnerable to fire.
   It protects you from cold.
   It lets you fly.
Wands
 b - a wand of disintegration (30)
 v - a wand of random effects (38)
 C - a wand of iceblast (13)
 N - a wand of paralysis (2)
 T - a wand of flame (32)
Scrolls
 d - 3 scrolls of fear
 h - 11 scrolls of remove curse
 j - 3 scrolls of magic mapping
 q - a scroll of noise
 y - a scroll of blinking
 J - 5 scrolls of teleportation
Potions
 a - 5 potions of ambrosia
 f - 2 potions of haste
 i - 3 potions of curing
 m - 2 potions of degeneration
 o - 2 potions of magic
 u - 4 potions of flight
 x - 2 potions of berserk rage
 D - 2 potions of brilliance
 V - a potion of mutation {unknown}
Miscellaneous
 F - a fan of gales
 G - a phantom mirror
 M - a lamp of fire
Comestibles
 c - 27 rations


   Skills:
 - Level 6.0 Fighting
 - Level 16.2 Long Blades
 - Level 2.4 Armour
 - Level 1.1 Dodging
 + Level 4.1 Spellcasting
 * Level 7.3 Transmutations
 * Level 7.3 Earth Magic
 - Level 8.5 Invocations


You had 11 spell levels left.
You knew the following spells:

 Your Spells              Type           Power        Failure   Level  Hunger
a - Statue Form           Tmut/Erth      ###......    87%         6    #######
b - Blink                 Tloc           N/A          34%         2    ##.....


Dungeon Overview and Level Annotations

Branches:
Dungeon (15/15)            Temple (0/1) D:5            Lair (0/6) D:11
    Orc (0/2) D:10         Vaults (0/5) D:13         Depths (0/5) D:15

Altars:
Ashenzari
Fedhas
Hepliaklqana
Trog
Vehumet
Wu Jian
Xom

Shops:
D:9 }   D:10 *   D:11 [

Annotations:
D:10 1 runed door
D:11 corrupted
D:12 corrupted
D:13 corrupted
D:14 corrupted
D:15 corrupted


Innate Abilities, Weirdness & Mutations

You reflexively headbutt those who attack you in melee.
You have a pair of horns on your head.


Message History

Unknown command.
You slash the red ugly thing! You burn the red ugly thing.
The red ugly thing is severely wounded.
The red ugly thing kicks you.
You are engulfed in flames!
You resist.
* * * LOW HITPOINT WARNING * * *
Unknown command.
Unknown command.
Throwing (i - inventory):
Q - 4 throwing nets (quivered)
Press: ? - help, Shift-Dir - straight line, f/p - red ugly thing
Aim: a red ugly thing (heavily wounded)
You throw a throwing net.
The throwing net barely misses the red ugly thing.
The throwing net hits the purple ugly thing.
The purple ugly thing is caught in the net!
The purple ugly thing struggles against the net.
The red ugly thing basks in the mutagenic energy from its kin and changes!
The red ugly thing kicks you!
* * * LOW HITPOINT WARNING * * *
You are engulfed in flames!
You resist.
You die...

#.#.#......'........#
#.#.#.######........#
#######
#.#.#...####........#
#......
#.#.###.#.######'####
#.###.# #.#.#.#.#.#
#.# #.#.#.#
#.#.#.#.#.# #.#
#.#...# ...†..#.#.#
#.# #.#.###
#.#.###.#.# #.#
#...... #.#.....#.#
#@# ###.###
†...#####.# #u# #.#
#.........# #u# #.#
########### #u# #.#
#u# #.# #.# #.# #u#
#.# .u# #.# u..


You could see 6 ugly things.

Vanquished Creatures
  A yaktaur captain (D:13)
  A centaur warrior (D:14)
  A tengu warrior (D:14)
  4 ugly things
  A wolf spider zombie (D:15)
  2 cyclopes
  3 centaur zombies
  2 ice statues (IceCv)
  A gargoyle (D:13)
  A kobold demonologist (D:14)
  2 yaktaurs (D:13)
  6 ice devils (IceCv)
  An efreet (D:8)
  A troll (shapeshifter) (D:14)
  3 trolls
  A harpy zombie (D:14)
  3 hippogriffs
  2 wraiths
  A human (D:7)
  A wyvern (D:14)
  13 yaks
  A hungry ghost (D:15)
  4 vampire mosquitoes (D:14)
  4 hogs
  3 wargs
  Duvessa (D:7)
  A water moccasin (D:10)
  7 orc warriors
  6 ice beasts
  2 phantoms
  3 black bears
  4 sky beasts
  3 ogres
  10 centaurs
  4 big kobolds
  2 elf zombies (Ossuary)
  11 bullfrogs
  A wyvern skeleton (D:8)
  Dowan (D:7)
  4 scorpions
  11 killer bees
  16 wights
  6 howler monkeys
  6 crimson imps
  A bullfrog zombie (D:12)
  A quasit (D:9)
  6 jellies
  3 orc priests
  5 hounds
  A human zombie (Ossuary)
  3 bullfrog skeletons
  6 centaur skeletons
  Jessica (D:3)
  2 gnoll shamans
  11 orc wizards
  Natasha (twice) (D:3)
  An iguana (D:5)
  6 worker ants
  2 big kobold zombies (Ossuary)
  A hound skeleton (D:6)
  2 worker ant zombies
  2 mummies (Ossuary)
  Robin (D:3)
  15 gnolls
  A howler monkey skeleton (D:10)
  10 adders
  2 shadow imps
  22 white imps
  2 ufetubi (IceCv)
  2 oozes
  2 worms
  3 dart slugs
  3 leopard geckos
  26 orcs
  2 ball pythons
  7 giant cockroaches
  15 goblins
  5 hobgoblins
  11 jackals
  17 kobolds
  A quokka (D:8)
  A ball python zombie (D:6)
  10 bats
  4 frilled lizards
  3 goblin zombies (Ossuary)
  11 hobgoblin zombies (Ossuary)
  2 jackal zombies
  6 kobold zombies (Ossuary)
  A leopard gecko skeleton (D:8)
  A leopard gecko zombie (D:5)
  9 orc zombies (Ossuary)
  A quokka skeleton (D:5)
  2 rats
  2 rat zombies (Ossuary)
418 creatures vanquished.

Vanquished Creatures (others)
  Rupert (D:14)
  Frances (D:13)
  A reaper (IceCv)
  An ettin (D:15)
  Harold (D:11)
  An ogre mage (D:15)
  A death knight (D:12)
  3 two-headed ogres
  A hell knight (D:15)
  A deep elf knight (D:15)
  A skeletal warrior (D:12)
  An unseen horror (D:12)
  2 deep elf magi
  A phantasmal warrior (D:12)
  11 ugly things
  A gargoyle (D:13)
  A centaur skeleton (D:15)
  2 freezing wraiths (D:12)
  A tengu conjurer (D:15)
  A hornet (D:15)
  A hippogriff (D:14)
  A shadow (D:13)
  3 yaks (D:11)
  An orc warrior (D:6)
  A bullfrog (D:12)
  A scorpion (D:14)
  3 wights (D:15)
  A hound (D:12)
  An orc wizard (D:12)
  An orc priest (D:12)
  A worker ant (D:14)
  A shadow imp (D:15)
  3 white imps (IceCv)
  5 ufetubi (IceCv)
  4 orcs
  17 starspawn tentacles
79 creatures vanquished.

Grand Total: 497 creatures vanquished

Notes
Turn   | Place    | Note
-------+----------+-------------------------------------------
     0 | Abyss:1  | 4thArraOfDagon the Minotaur Abyssal Knight began the quest for the Orb.
     0 | Abyss:1  | Reached XP level 1. HP: 19/19 MP: 1/1
    25 | Abyss:1  | Noticed a bone dragon
    27 | Abyss:1  | Noticed a ynoxinul
    29 | D:1      | Escaped the Abyss
    84 | D:1      | Reached * piety under Lugonu
   120 | D:1      | Reached XP level 2. HP: 17/27 MP: 2/2
   145 | D:1      | Reached skill level 3 in Long Blades
   345 | D:1      | Reached XP level 3. HP: 28/33 MP: 3/3
   409 | D:2      | Found a radiant altar of Vehumet.
   551 | D:2      | Reached skill level 4 in Long Blades
   654 | D:3      | Noticed Natasha
   658 | D:3      | Killed Natasha
   658 | D:3      | Reached ** piety under Lugonu
   658 | D:3      | Reached XP level 4. HP: 19/41 MP: 3/5
   713 | D:3      | Noticed Robin
   756 | D:3      | Killed Robin
   815 | D:3      | Noticed Natasha
   821 | D:3      | Killed Natasha
   821 | D:3      | Reached XP level 5. HP: 13/47 MP: 6/6
   975 | D:3      | Reached skill level 5 in Long Blades
   998 | D:3      | Noticed Jessica
  1005 | D:3      | Killed Jessica
  1131 | D:4      | Found a hazy altar of Hepliaklqana.
  1139 | D:4      | Found an ornate altar of the Wu Jian Council.
  1141 | D:4      | Found a blossoming altar of Fedhas.
  1235 | D:4      | Found a shattered altar of Ashenzari.
  1291 | D:4      | Reached skill level 5 in Fighting
  1416 | D:4      | Reached *** piety under Lugonu
  1416 | D:4      | Reached XP level 6. HP: 43/56 MP: 7/7
  1529 | D:5      | Entered Level 5 of the Dungeon
  1576 | D:5      | Found a staircase to the Ecumenical Temple.
  1588 | D:5      | Reached skill level 6 in Long Blades
  1784 | D:5      | Reached XP level 7. HP: 57/62 MP: 9/9
  1821 | D:5      | Reached skill level 7 in Long Blades
  2113 | D:6      | Reached skill level 8 in Long Blades
  2231 | D:6      | Reached skill level 5 in Invocations
  2310 | D:7      | Reached XP level 8. HP: 70/70 MP: 10/10
  2346 | D:7      | Reached skill level 9 in Long Blades
  2353 | D:7      | Reached **** piety under Lugonu
  2405 | D:7      | Found a sand-covered staircase.
  2409 | Ossuary  | Entered an ossuary
  2578 | Ossuary  | Reached skill level 10 in Long Blades
  2636 | Ossuary  | Reached ***** piety under Lugonu
  2860 | D:7      | Reached XP level 9. HP: 65/75 MP: 12/12
  2863 | D:7      | Reached skill level 11 in Long Blades
  2909 | D:7      | Got an ancient graven amulet
  2910 | D:7      | Identified the amulet of Lilacs {Harm *Drain rC+ Dex+3} (You found it on level 7 of the Dungeon)
  3032 | D:7      | Noticed Dowan
  3040 | D:7      | Killed Dowan
  3042 | D:7      | Noticed Duvessa
  3047 | D:7      | Killed Duvessa
  3213 | D:8      | Reached skill level 12 in Long Blades
  3464 | D:8      | Found the +4 dagger "Morg" {pain, MR+ Int+5}
  3486 | D:8      | Noticed an efreet
  3493 | D:8      | Killed an efreet
  3519 | D:8      | Noticed a two-headed ogre
  3522 | D:8      | Banished a two-headed ogre
  3522 | D:8      | Reached skill level 13 in Long Blades
  3601 | D:8      | Reached XP level 10. HP: 46/83 MP: 12/15
  3732 | D:9      | Noticed Prince Ribbit
  3734 | D:9      | Noticed Prince Ribbit
  3734 | D:9      | Prince Ribbit changed into Prince Ribbit the hog
  3738 | D:9      | Killed Prince Ribbit the hog
  3760 | D:9      | Learned a level 6 spell: Statue Form
  3833 | D:9      | Got a flickering ivory ring
  3835 | D:9      | Identified the ring of Fudyxonn {Ice +Fly Str+3 Dex-2} (You found it on level 9 of the Dungeon)
  3884 | D:9      | Found Nuokum Ewken's Gadget Emporium.
  4057 | D:9      | Found a shimmering altar of Xom.
  4062 | D:9      | Reached skill level 1 in Transmutations
  4062 | D:9      | Reached skill level 1 in Earth Magic
  4220 | D:10     | Entered Level 10 of the Dungeon
  4353 | D:10     | Found a runed door.
  4366 | D:10     | Found a bloodstained altar of Trog.
  4421 | D:10     | Learned a level 2 spell: Blink
  4444 | D:10     | Reached skill level 1 in Spellcasting
  4452 | D:10     | Found a runed door.
  4468 | D:10     | Found Kynoquw's General Store.
  4471 | D:10     | Bought a scroll of random uselessness for 14 gold pieces
  4471 | D:10     | Bought a potion of haste for 140 gold pieces
  4529 | D:10     | Found a staircase to the Orcish Mines.
  4556 | D:10     | Reached skill level 14 in Long Blades
  4785 | D:10     | Got a transparent quick blade
  4796 | D:10     | Identified the +6 quick blade of Infection {antimagic, rPois rN+} (You found it on level 10 of the Dungeon)
  4867 | D:11     | Found Worailok's Antique Armour Shoppe.
  4881 | D:11     | Got a pair of warped gloves
  4892 | D:11     | Identified the +2 pair of gloves of Pathos {Int+4} (You found it on level 11 of the Dungeon)
  4918 | D:11     | Noticed a red ugly thing
  4928 | D:11     | Killed a purple ugly thing
  4928 | D:11     | Reached XP level 11. HP: 68/89 MP: 16/16
  5120 | D:11     | Noticed Harold
  5128 | D:11     | jacquesderrida: Dvoinoy kefirchik
  5129 | D:11     | Corrupted D:11
  5129 | D:11     | Noticed a tentacled starspawn
  5129 | D:11     | Noticed a tentacled starspawn
  5129 | D:11     | Noticed a sun demon
  5129 | D:11     | Noticed a tentacled monstrosity
  5136 | D:11     | Killed Harold
  5176 | D:11     | Found a staircase to the Lair.
  5416 | D:11     | Bought a shiny troll leather armour for 486 gold pieces
  5495 | D:12     | Found a frozen archway.
  5532 | IceCv    | Entered an ice cave
  5658 | IceCv    | Got a pair of scorched gloves
  5669 | IceCv    | Identified the +2 pair of gloves "Ysuxzoh" {Str+3} (You found it in an ice cave)
  5714 | IceCv    | Killed a reaper
  6077 | D:12     | Noticed a two-headed ogre
  6089 | D:12     | Banished a two-headed ogre
  6104 | D:12     | Reached skill level 15 in Long Blades
  6131 | D:12     | Reached skill level 5 in Transmutations
  6164 | D:12     | Reached skill level 5 in Earth Magic
  6194 | D:12     | Banished an unseen horror
  6295 | D:12     | Noticed a two-headed ogre
  6297 | D:12     | Banished a two-headed ogre
  6408 | D:12     | Noticed a cyan ugly thing
  6408 | D:12     | Noticed a skeletal warrior
  6408 | D:12     | Noticed a phantasmal warrior
  6408 | D:12     | Noticed a green ugly thing
  6409 | D:12     | Noticed a death knight
  6410 | D:12     | Corrupted D:12
  6410 | D:12     | Noticed a large abomination
  6410 | D:12     | Noticed a thrashing horror
  6410 | D:12     | Noticed a purple draconian shifter
  6410 | D:12     | Noticed a green death
  6410 | D:12     | Noticed a cacodemon
  6410 | D:12     | Noticed a rakshasa
  6410 | D:12     | Noticed a thrashing horror
  6410 | D:12     | Noticed a tentacled starspawn
  6410 | D:12     | Noticed a starcursed mass
  6412 | D:12     | Killed a green ugly thing
  6414 | D:12     | Noticed a starcursed mass
  6414 | D:12     | Noticed a starcursed mass
  6415 | D:12     | Killed a phantasmal warrior
  6416 | D:12     | Noticed a brown very ugly thing
  6417 | D:12     | Noticed a great orb of eyes
  6417 | D:12     | Killed a cyan ugly thing
  6417 | D:12     | Killed a skeletal warrior
  6419 | D:12     | Killed a death knight
  6427 | D:12     | Noticed a lich
  6433 | D:12     | Noticed a starcursed mass
  6627 | D:13     | Found a gate to the Vaults.
  6763 | D:13     | Noticed a cyan ugly thing
  6775 | D:13     | Killed a white ugly thing
  6913 | D:13     | Noticed Frances
  6914 | D:13     | Corrupted D:13
  6914 | D:13     | Noticed a starcursed mass
  6914 | D:13     | Noticed a large abomination
  6914 | D:13     | Noticed a mana viper
  6914 | D:13     | Noticed an orc sorcerer
  6914 | D:13     | Noticed a purple draconian
  6916 | D:13     | Noticed a tentacled starspawn
  6919 | D:13     | Killed Frances
  6945 | D:13     | Noticed a great orb of eyes
  6948 | D:13     | Noticed a rakshasa
  6950 | D:13     | Noticed an Executioner
  6955 | D:13     | jacquesderrida: Da
  6977 | D:13     | Noticed a large abomination
  7060 | D:13     | Noticed a yaktaur captain
  7075 | D:13     | Killed a yaktaur captain
  7075 | D:13     | Reached XP level 12. HP: 55/96 MP: 17/17
  7613 | D:14     | Noticed a centaur warrior
  7630 | D:14     | Killed a centaur warrior
  7634 | D:14     | Reached skill level 16 in Long Blades
  7681 | D:14     | Noticed a tengu warrior
  7718 | D:14     | Killed a tengu warrior
  7744 | D:14     | Noticed Sonja
  7744 | D:14     | Noticed Sonja
  7744 | D:14     | Sonja changed into Sonja the warg
  7756 | D:14     | Killed Sonja the warg
  7880 | D:14     | Noticed Rupert
  7880 | D:14     | Paralysed by Rupert for 5 turns
  7885 | D:14     | Corrupted D:14
  7885 | D:14     | Noticed a lich
  7885 | D:14     | Noticed a starcursed mass
  7885 | D:14     | Noticed a great orb of eyes
  7885 | D:14     | Noticed a starcursed mass
  7885 | D:14     | Noticed a green death
  7885 | D:14     | Noticed a bone dragon
  7886 | D:14     | Noticed a tentacled starspawn
  7886 | D:14     | Noticed a tentacled starspawn
  7887 | D:14     | Noticed a cyan very ugly thing
  7890 | D:14     | Killed Rupert
  8022 | D:15     | Entered Level 15 of the Dungeon
  8076 | D:15     | Noticed a death knight
  8123 | D:15     | Corrupted D:15
  8131 | D:15     | Noticed an Executioner
  8138 | D:15     | Got a brightly glowing halberd {chop}
  8148 | D:15     | Killed an ogre mage
  8158 | D:15     | Killed an ettin
  8185 | D:15     | Killed a two-headed ogre
  8225 | D:15     | Noticed a starcursed mass
  8236 | D:15     | Noticed a starcursed mass
  8263 | D:15     | Found a staircase to the Depths.
  8395 | D:15     | Mangled by a red ugly thing

Vault maps used:
D:1:      dpeg_arrival_signposts
D:2:      lemuel_crystal_altar
D:3:      uniq_robin, uniq_jessica, uniq_natasha
D:4:      minitemple, serial_shops, nicolae_shop_window_shopping,
          evilmike_ruin_ashenzari
D:5:      minmay_temple_entry_junction_2, first_ration,
          kennysheep_generic_room_13
D:6:      lemuel_coloured_pillars_altar, uniq_blork_the_orc
D:7:      enter_ossuary_5, grunt_livestock, uniq_duvessa
D:8:      minmay_diamond_spiral
D:9:      serial_shops, kennysheep_little_box, basic_altar, uniq_prince_ribbit1
D:10:     cheibrodos_histonic, orc_0_dummy, serial_shops, kennysheep_mini_moat,
          basic_altar
D:11:     wad_pebble_path, erik_lair_orcish_takeover, serial_shops,
          nicolae_shop_trees, uniq_harold
D:12:     portal_ice_cave_entry_imps
D:13:     david_vaults_2, bh_walls_and_bars, uniq_frances
D:14:     nrook_mini_backslash, serial_corexii_hall, corexii_hall_statues_i,
          corexii_hall_statues_x, corexii_hall_statues_u, grunt_ministairs_10,
          uniq_sonja, uniq_rupert
D:15:     hangedman_depths_entry_civil_slaughter, hex_tiny
Abyss:1:  hangedman_cross_veins
Ossuary:  ossuary_tomb_1
IceCv:    ice_cave_small_demon

Skill      XL: |  1  2  3  4  5  6  7  8  9 10 11 12 |
---------------+-------------------------------------+-----
Invocations    | 2 3 4 5 6 8 |  8.5
Long Blades    | 3 4 5 6 8 10 13 14 15 16 | 16.2
Fighting       | 4 5 6 |  6.0
Transmutations | 3 5 7 |  7.3
Earth Magic    | 3 5 7 |  7.3
Spellcasting   | 1 3 4 |  4.1
Armour         | |  2.4
Dodging        | |  1.1

Action                   |  1- 3 |  4- 6 |  7- 9 | 10-12 || total
-------------------------+-------+-------+-------+-------++-------
Melee: Falchion          |    82 |   187 |   124 |       ||   393
       Headbutt          |    14 |    38 |    48 |   142 ||   242
       Great sword       |       |       |   150 |   521 ||   671
       Scimitar          |       |       |       |    61 ||    61
       Demon blade       |       |       |       |    14 ||    14
Throw: Throwing net      |       |     1 |     3 |     2 ||     6
Invok: Depart the Abyss  |     1 |       |       |       ||     1
       Banish            |       |       |     4 |     4 ||     8
       Corrupt           |       |       |       |     5 ||     5
       Bend Space        |       |       |       |     1 ||     1
Evoke: Wand              |       |       |    11 |     8 ||    19
  Use: Potion            |     1 |     1 |     2 |     4 ||     8
       Scroll            |       |       |     7 |    12 ||    19
 Stab: Held in net/web   |       |     2 |     1 |     1 ||     4
       Distracted        |       |       |       |     1 ||     1
  Eat: Chunk             |       |     3 |     3 |    20 ||    26
       Ration            |       |       |     1 |     1 ||     2
Armor: Leather armour    |     8 |       |       |       ||     8
       Chain mail        |    39 |    76 |   102 |   109 ||   326
       Skin              |       |       |    79 |    45 ||   124
       Troll leather arm |       |       |       |   193 ||   193
Dodge: Dodged            |    46 |    73 |    74 |   288 ||   481
       Rpst.: Falchion   |    16 |    14 |     6 |       ||    36
       Great sword       |       |       |    12 |    55 ||    67
       Scimitar          |       |       |       |     4 ||     4

Table legend:
 A = Spawn XP
 B = Non-spawn XP
 C = Spawn XP percentage of total XP
 D = Spawn monster count
 E = Non-spawn monster count
 F = Spawn count percentage of total count
 G = Total turns spent on level
                    A         B        C        D         E        F      G
               +---------+---------+-------+---------+---------+-------+---------
         Total |       0 |   34694 |   0.0 |       0 |     424 |   0.0 |  8395
               +---------+---------+-------+---------+---------+-------+---------
           D:1 |       0 |      41 |   0.0 |       0 |      14 |   0.0 |   345
           D:2 |       0 |      45 |   0.0 |       0 |      15 |   0.0 |   249
           D:3 |       0 |     194 |   0.0 |       0 |      34 |   0.0 |   493
           D:4 |       0 |     101 |   0.0 |       0 |      12 |   0.0 |   415
           D:5 |       0 |     751 |   0.0 |       0 |      25 |   0.0 |   504
           D:6 |       0 |     344 |   0.0 |       0 |      10 |   0.0 |   336
           D:7 |       0 |    1820 |   0.0 |       0 |      24 |   0.0 |   557
           D:8 |       0 |    2502 |   0.0 |       0 |      23 |   0.0 |   562
           D:9 |       0 |    1202 |   0.0 |       0 |      20 |   0.0 |   470
          D:10 |       0 |    3160 |   0.0 |       0 |      42 |   0.0 |   636
          D:11 |       0 |    2567 |   0.0 |       0 |      24 |   0.0 |   607
          D:12 |       0 |    3285 |   0.0 |       0 |      39 |   0.0 |   653
          D:13 |       0 |    5269 |   0.0 |       0 |      31 |   0.0 |   745
          D:14 |       0 |    7907 |   0.0 |       0 |      45 |   0.0 |   685
          D:15 |       0 |    2073 |   0.0 |       0 |       7 |   0.0 |   357
       Ossuary |       0 |     347 |   0.0 |       0 |      39 |   0.0 |   262
         IceCv |       0 |    3086 |   0.0 |       0 |      20 |   0.0 |   490
               +---------+---------+-------+---------+---------+-------+---------
